 Dungeon Crawl Stone Soup version 0.23.2-33-g5129a83184 (webtiles) character file.

Game seed: 6730105046842965499

303 Pizzadoos the Caller (level 6, 0/34 HPs)
             Began as a Deep Elf Summoner on June 26, 2019.
             Was a Follower of Qazlal.
             Killed by nerve-wracking pain
             ... invoked by a shadow imp
              (11 damage)
             ... on level 5 of the Dungeon on June 27, 2019.
             The game lasted 00:36:41 (4886 turns).

Pizzadoos the Caller (Deep Elf Summoner)            Turns: 4886, Time: 00:36:41

Health: 0/34       AC:  5    Str:  7    XL:     6   Next: 15%
Magic:  0/14       EV: 13    Int: 20    God:    Qazlal [*.....]
Gold:   220        SH:  2    Dex: 15    Spells: 7/13 levels left

rFire    . . .     SeeInvis .   a - staff of summoning
rCold    . . .     Gourm    +   (no shield)
rNeg     . . .     Faith    .   r - +0 leather armour
rPois    .         Spirit   .   m - +0 helmet
rElec    .         Reflect  .   (no cloak)
rCorr    .         Harm     .   B - +0 pair of gloves
MR       +....                  (no boots)
Stlth    ++........             o - amulet of the gourmand
HPRegen  0.11/turn              v - +3 ring of slaying
MPRegen  0.14/turn              p - ring of protection from magic

@: very slightly contaminated
A: no striking features
a: Renounce Religion


You were on level 5 of the Dungeon.
You worshipped Qazlal.
Qazlal was aware of your devotion.
You were not hungry.

You visited 1 branch of the dungeon, and saw 5 of its levels.

You collected 220 gold pieces.

Inventory:

Hand Weapons
 b - a +3 short sword of protection
Missiles
 d - 23 poisoned needles
 e - 136 stones (quivered)
 l - 15 arrows
Armour
 m - a +0 helmet (worn)
 r - a +0 leather armour (worn)
 B - a +0 pair of gloves (worn)
Magical Staves
 a - an uncursed staff of summoning (weapon)
Jewellery
 h - an uncursed ring of magical power
 o - an amulet of the gourmand (around neck)
 p - a ring of protection from magic (right hand)
 v - a +3 ring of slaying (left hand)
Wands
 s - a wand of flame (23)
 x - a wand of iceblast (6)
Scrolls
 j - a scroll of remove curse
 k - a scroll of blinking {unknown}
 t - a scroll of fear {unknown}
 u - 2 scrolls of teleportation
 w - 2 scrolls of magic mapping {unknown}
 A - a scroll of enchant weapon {unknown}
Potions
 f - a potion of brilliance
 g - a potion of degeneration
 i - 4 potions of curing
 n - a potion of invisibility
 q - 3 potions of heal wounds
 z - 2 potions of might {unknown}
 C - 2 potions of haste {unknown}
Comestibles
 c - 10 rations


   Skills:
 + Level 1.4 Fighting
 - Level 1.9 Short Blades
 + Level 1.0 Staves
 + Level 1.3 Armour
 + Level 3.4 Dodging
 + Level 3.7 Stealth
 + Level 4.0 Spellcasting
 + Level 4.9 Summonings
 - Level 1.4 Invocations
 + Level 1.1 Evocations


You had 7 spell levels left.
You knew the following spells:

 Your Spells              Type           Power        Failure   Level  Hunger
a - Summon Small Mammal   Summ           ####         2%          1    None
b - Call Imp              Summ           #####...     3%          2    #......
c - Call Canine Familiar  Summ           #####...     7%          3    ###....

Your spell library contained the following spells:

 Spells                   Type           Power        Failure   Level  Hunger
 Sandblast                Erth           #.....       19%         1    None
 Summon Guardian Golem    Hex/Summ       ###.....     21%         3    ###....
 Ignite Poison            Fire/Tmut/Pois #.......     50%         3    ###....
 Stone Arrow              Conj/Erth      #.....       50%         3    ###....
 Summon Ice Beast         Ice/Summ       ###.....     54%         4    ####...
 Summon Lightning Spire   Summ/Air       ###.....     54%         4    ####...
 Bolt of Magma            Conj/Fire/Erth #.........   99%         5    ######.
 Borgnjor's Vile Clutch   Necr/Erth      #.........   99%         5    ######.


Dungeon Overview and Level Annotations

Branches:
Dungeon (5/15)             Temple (0/1) D:4

Altars:
Cheibriados
Hepliaklqana
Nemelex Xobeh
Qazlal
Vehumet
Wu Jian
Yredelemnul
Zin


Message History

You hit the shadow imp but do no damage.
The shadow imp is lightly wounded.
The shadow imp misses you.
You barely miss the shadow imp.
The shadow imp is lightly wounded.
The shadow imp hits you.
Casting: Call Canine Familiar (safe; 7% risk of failure)
Confirm with . or Enter, or press ? or * to list all spells.
You feel a surge of power! The shadow imp barely misses you.
You see here a +4 mace.
Your rat misses the shadow imp.
Casting: Summon Small Mammal (safe; 2% risk of failure)
Confirm with . or Enter, or press ? or * to list all spells.
You feel a surge of power! The shadow imp hits you.
Your rat barely misses the shadow imp.
The shadow imp misses you.
Your rat bites the shadow imp but does no damage.
The shadow imp gestures at you. Pain shoots through your body!
You die...

###.#####....###
#.# ##.........
##.###..########
########......##
#.<........####
##.....#.......#
##......#....)..#
.......†..)r5r).#
.##..>.)#.@.....#
.........########
###......#
######.# #o# #$#
#....# ).§.a.h.o
#####o....


You could see a shadow imp, a friendly quokka and a friendly rat.

Vanquished Creatures
  A bullfrog skeleton (D:5)
  Ijyb (D:3)
  A worker ant (D:5)
  An adder (D:2)
  3 worms
  A leopard gecko (D:1)
  2 orcs (D:5)
  A giant cockroach (D:3)
  4 goblins (D:1)
  A hobgoblin (D:3)
  3 jackals
  A quokka (D:2)
  A ball python (D:2)
  2 bats
  A frilled lizard (D:1)
  5 kobolds
  3 rats
32 creatures vanquished.

Vanquished Creatures (collateral kills)
  A big kobold (D:4)
  Blork the orc (D:5)
  A centaur zombie (D:5)
  A bullfrog skeleton (D:4)
  A worker ant (D:4)
  6 adders
  8 worms
  2 dart slugs (D:1)
  4 leopard geckos
  2 orcs
  7 bats
  A giant cockroach (D:2)
  2 goblins
  3 hobgoblins
  10 jackals
  6 kobolds
  3 frilled lizards
  A leopard gecko skeleton (D:4)
  3 rats
63 creatures vanquished.

Vanquished Creatures (others)
  A goblin (D:3)
  A kobold (D:3)
2 creatures vanquished.

Grand Total: 97 creatures vanquished

Notes
Turn   | Place    | Note
-------+----------+-------------------------------------------
     0 | D:1      | Pizzadoos the Deep Elf Summoner began the quest for the
                  | Orb.
     0 | D:1      | Reached XP level 1. HP: 10/10 MP: 6/6
   220 | D:1      | Reached XP level 2. HP: 15/15 MP: 5/8
   225 | D:1      | Learned a level 2 spell: Call Imp
  1409 | D:2      | Reached XP level 3. HP: 13/20 MP: 9/9
  1610 | D:2      | Found a sparkling altar of Nemelex Xobeh.
  1610 | D:2      | Found a stormy altar of Qazlal.
  1649 | D:2      | Became a worshipper of Qazlal Stormbringer
  1749 | D:2      | Reached skill level 1 in Short Blades
  2398 | D:2      | Reached XP level 4. HP: 24/24 MP: 11/11
  2737 | D:3      | Found a radiant altar of Vehumet.
  2738 | D:3      | Noticed Ijyb
  2847 | D:3      | Found a glowing silver altar of Zin.
  2849 | D:3      | Reached skill level 1 in Fighting
  2872 | D:3      | Found a hazy altar of Hepliaklqana.
  2902 | D:3      | Found a snail-covered altar of Cheibriados.
  2916 | D:3      | Found a basalt altar of Yredelemnul.
  3111 | D:3      | Reached skill level 1 in Armour
  3340 | D:3      | Reached * piety under Qazlal
  3397 | D:3      | Learned a level 3 spell: Call Canine Familiar
  3405 | D:3      | Killed Ijyb
  4135 | D:4      | Reached XP level 5. HP: 10/29 MP: 2/12
  4426 | D:4      | Found an ornate altar of the Wu Jian Council.
  4461 | D:4      | Identified Keely's Handbook of Earthen Fire
  4579 | D:4      | Reached skill level 1 in Invocations
  4751 | D:4      | Found a staircase to the Ecumenical Temple.
  4797 | D:5      | Entered Level 5 of the Dungeon
  4839 | D:5      | Noticed Blork the orc
  4851 | D:5      | Killed Blork the orc
  4851 | D:5      | Reached skill level 1 in Evocations
  4859 | D:5      | Reached XP level 6. HP: 18/34 MP: 1/14
  4876 | D:5      | Reached skill level 1 in Staves
  4886 | D:5      | Killed from afar by a shadow imp

Skill      XL: |  1  2  3  4  5  6 |
---------------+-------------------+-----
Short Blades   | 1 |  1.9
Stealth        | 3 |  3.7
Fighting       | 1 |  1.4
Armour         | 1 |  1.3
Dodging        | 3 |  3.4
Invocations    | 1 |  1.4
Spellcasting   | 4 |  4.0
Evocations     | 1 |  1.1
Staves         | 1 |  1.0
Summonings     | |  4.9

Action                   |  1- 3 |  4- 6 || total
-------------------------+-------+-------++-------
Melee: Short sword       |    82 |    25 ||   107
       Staff             |       |    43 ||    43
 Cast: Summon Small Mamm |    13 |    15 ||    28
       Call Imp          |    30 |    40 ||    70
       Call Canine Famil |       |    14 ||    14
Evoke: Wand              |       |     2 ||     2
  Use: Scroll            |     7 |     3 ||    10
 Stab: Sleeping          |     1 |     2 ||     3
       Distracted        |       |     2 ||     2
  Eat: Ration            |     1 |     1 ||     2
       Chunk             |     3 |     7 ||    10
Armor: Robe              |    21 |     6 ||    27
       Leather armour    |       |    23 ||    23
Dodge: Dodged            |    67 |    74 ||   141
Block: Other             |       |     2 ||     2
